 Dungeon Crawl Stone Soup version 0.17.0-24-gcfadda4 (webtiles) character file.

65 M4edhros the Sneak (level 4, -1/28 HPs)
             Began as an Octopode Artificer on Nov 15, 2015.
             Was an Initiate of Okawaru.
             Succumbed to an adder's poison
             ... on level 2 of the Dungeon.
             The game lasted 00:01:49 (1115 turns).

M4edhros the Sneak (Octopode Artificer)             Turns: 1115, Time: 00:01:49

Health: -1/28      AC:  1    Str: 12    XL:     4   Next: 14%
Magic:  7/7        EV: 18    Int: 14    God:    Okawaru [......]
Gold:   39         SH:  0    Dex: 18    Spells: 0 memorised, 3 levels left

rFire  . . .     SeeInvis .     a - +0 short sword
rCold  . . .     Clarity  .     (no shield)
rNeg   . . .     SustAt   .     (helmet restricted)
rPois  .         Gourm    .     (no amulet)
rElec  .         Spirit   .     (no ring)
rCorr  .         Warding  .     (no ring)
rMut   .         Stasis   .     (no ring)
MR     .....                    (no ring)
Stlth  +++++.....               (no ring)
                                (no ring)
                                (no ring)
                                (no ring)

@: agile, lethally poisoned (-1 -> -17), not resistant to hostile enchantments,
quite stealthy
A: almost no armour, amphibious, 8 rings, constrict 8, tentacle spike 1,
camouflage 1, strong 1, gelatinous body 1, evolution 1
a: Renounce Religion


You were on level 2 of the Dungeon.
You worshipped Okawaru.
Okawaru was noncommittal.
You were hungry.

You visited 1 branch of the dungeon, and saw 2 of its levels.

You collected 39 gold pieces.

Inventory:

Hand Weapons
 a - a +0 short sword (weapon)
Wands
 b - a wand of flame (15)
 c - a wand of enslavement (15)
 d - a wand of random effects (15)
Scrolls
 f - 2 scrolls of identify
 h - a scroll of amnesia
Potions
 k - a potion of poison
Comestibles
 e - a bread ration
 l - a meat ration


   Skills:
 - Level 1.0 Fighting
 - Level 1.0 Short Blades
 - Level 2.0 Dodging
 * Level 4.6 Stealth
 + Level 4.0 Evocations


You had 3 spell levels left.
You didn't know any spells.

Dungeon Overview and Level Annotations

Branches:
Dungeon (2/15)

Altars:
Gozag
Makhleb
Okawaru
Qazlal
Trog
Yredelemnul
The Shining One


Innate Abilities, Weirdness & Mutations

You cannot wear most types of armour.
You are amphibious.
You can wear up to eight rings at the same time.
You can use your tentacles to constrict eight enemies at once.
Your skin changes colour to match your surroundings (Stealth).
Your rubbery body absorbs attacks (AC +1).
One of your tentacles bears a spike.
Your muscles are strong. (Str +2)
You evolve.


Message History

* * * LOW HITPOINT WARNING * * *
You feel sick.
Unknown command.
Unknown command.
Unknown command.
Unknown command.
Drink which item? (? for menu, Esc to quit)
Okay, then.
Read which item? (? for menu, Esc to quit)
As you read the scroll labeled BUOSEU NYJOSIE, it crumbles to dust.
It is a scroll of identify.
Identify which item? (\ to view known items) (? for menu, Esc to quit)
h - a scroll of amnesia
* * * LOW HITPOINT WARNING * * *
You feel sick.
Read which item? (? for menu, Esc to quit)
As you read the scroll labeled DENGUT OCUIHAI, it crumbles to dust.
The air around you briefly surges with heat, but it dissipates.
It was a scroll of immolation.
You die...

.................#
.....######......+ .....
#..........#
.....#......#..###..#####
.....#......##.## .......
.....#......##..# .......
.....#......##..##.......
.................+.......
.... ........#..@#.......
... ....#.#†#†#.......
.## # #.#.........
#......#........
.........#........
.........#........
.........#..>.....
.........#........
.........#[.......


There were no monsters in sight!

Vanquished Creatures
  Ijyb (D:2)
  An adder (D:2)
  A giant gecko (D:1)
  A bat (D:1)
  2 giant cockroaches
  5 hobgoblins
  4 jackals (D:2)
  5 kobolds
  2 giant newts
  3 goblins (D:1)
  2 rats (D:2)
27 creatures vanquished.

Notes
Turn   | Place    | Note
--------------------------------------------------------------
     0 | D:1      | M4edhros the Octopode Artificer began the quest for the Orb.
     0 | D:1      | Reached XP level 1. HP: 13/13 MP: 3/3
   327 | D:1      | Reached XP level 2. HP: 13/18 MP: 4/4
   754 | D:2      | Noticed Ijyb
   768 | D:2      | Killed Ijyb
   768 | D:2      | Reached skill level 4 in Stealth
   768 | D:2      | Reached XP level 3. HP: 12/23 MP: 5/5
   986 | D:2      | Found an iron altar of Okawaru.
   987 | D:2      | Found a basalt altar of Yredelemnul.
   987 | D:2      | Found a burning altar of Makhleb.
   987 | D:2      | Found a glowing golden altar of the Shining One.
  1006 | D:2      | Found a stormy altar of Qazlal.
  1006 | D:2      | Found a bloodstained altar of Trog.
  1012 | D:2      | Found an opulent altar of Gozag.
  1015 | D:2      | Became a worshipper of Warmaster Okawaru
  1106 | D:2      | Gained mutation: You evolve. [potion of beneficial mutation]
  1108 | D:2      | Gained mutation: Your muscles are strong. (Str +2) [potion of mutation]
  1108 | D:2      | Gained mutation: One of your tentacles bears a spike. [potion of mutation]
  1111 | D:2      | Reached XP level 4. HP: 6/28 MP: 7/7
  1114 | D:2      | HP: 1/28 [poisoned by an adder]
  1115 | D:2      | Succumbed to an adder's poison

Action                   |  1- 3 |  4- 6 || total
-------------------------+-------+-------++-------
Melee: Short sword       |    65 |     2 ||    67
  Use: Potion            |     4 |       ||     4
       Scroll            |       |     2 ||     2
 Stab: Sleeping          |     8 |       ||     8
